 Dungeon Crawl Stone Soup version 0.26-a0-651-gb41185065b (webtiles) character file.

Game seed: 14863376859676291431

9 kae the Ruffian (level 2, 0/25 HPs)
             Began as a Naga Transmuter on Oct 28, 2020.
             Slain by a rat (3 damage)
             ... on level 1 of the Dungeon.
             The game lasted 00:00:13 (315 turns).

kae the Ruffian (Naga Transmuter)                    Turns: 315, Time: 00:00:14

Health: 0/25       AC:  1    Str: 12    XL:     2   Next: 16%
Magic:  4/5        EV: 10    Int: 13    God:
Gold:   15         SH:  0    Dex: 11    Spells: 4/5 levels left

rFire    . . .     SeeInvis +     - Unarmed
rCold    . . .     Faith    .   (no shield)
rNeg     . . .     Spirit   .   a - +0 robe
rPois    +         Reflect  .   (helmet currently unavailable)
rElec    .         Harm     .   (no cloak)
rCorr    .         Rampage  .   (no gloves)
MR       .....                  (no barding)
Stlth    +.........             (no amulet)
HPRegen  0.08/turn              (no ring)
MPRegen  0.09/turn              (no ring)

@: appendages (expiring), very slow
A: large, horns 2, see invisible, deformed body, poison resistance, slowness 2,
spit poison 1, AC +0
a: Spit Poison, End Transformation


You were on level 1 of the Dungeon.
You had grown temporary horns.
You visited 1 branch of the dungeon, and saw 1 of its levels.

You collected 15 gold pieces.

Inventory:

Armour
 a - a +0 robe (worn)
Scrolls
 b - a scroll of identify {unknown}
 d - a scroll of remove curse {unknown}
 e - a scroll of fear {unknown}
Potions
 c - a potion of lignification {unknown}


   Skills:
 - Level 1.0 Fighting
 - Level 1.5 Dodging
 + Level 3.3 Unarmed Combat
 - Level 2.0 Spellcasting
 + Level 2.4 Transmutations


You had 4 spell levels left.
You knew the following spells:

 Your Spells              Type           Power        Failure   Level
a - Beastly Appendage     Tmut           #.....       10%         1

Your spell library contained the following spells:

 Spells                   Type           Power        Failure   Level
 Wereblood                Tmut           #.......     14%         2
 Spider Form              Tmut/Pois      #.........   43%         3
 Ice Form                 Ice/Tmut       #.......     83%         4
 Blade Hands              Tmut           #.........   95%         5


Dungeon Overview and Level Annotations

Branches:
Dungeon (1/15)

Altars:


Innate Abilities, Weirdness & Mutations

You cannot wear boots.
Your serpentine skin is tough. (AC +0)
You have supernaturally acute eyesight. (SInv)
Armour fits poorly on your strangely shaped body.
Your system is resistant to poisons. (rPois)
You cover ground very slowly.
You can spit poison.
You have a pair of horns on your head.


Message History

Confirm with . or Enter, or press ? or * to list all spells.
You grow a pair of large bovine horns.
The rat bites you.
Your transformation is almost over.
The hobgoblin hits you with a +0 club! The rat bites you.
You are too injured to fight recklessly!
You are too injured to fight recklessly!
You are too injured to fight recklessly!
You are too injured to fight recklessly!
There are monsters nearby!
You are too injured to fight recklessly!
You are too injured to fight recklessly!
You closely miss the hobgoblin. Your headbutt misses the hobgoblin.
Your punch misses the hobgoblin. The hobgoblin hits you with a +0 club.
* * * LOW HITPOINT WARNING * * *
The rat bites you.
* * * LOW HITPOINT WARNING * * *
You hit the hobgoblin.
The hobgoblin is heavily wounded.
The rat bites you.
You die...

#######.#######...#.##
#.# #...#.# #.# #...#.#
# #.# #.....## #.####
##.# #.......
#.....##..### #.....##
#.#.#.......#####.....#
#.....................#
#.#.#..@....###.#.....##
#$.....gr.....#.#.....#.
#.##........#.# #.....#.
# #........#.# #.#>...)
#........# # #.#####.
#........# # #.
########.# ## .#


You could see a hobgoblin and a rat.

Vanquished Creatures
  A dart slug (D:1)
  A bat (D:1)
  A giant cockroach (D:1)
  A goblin (D:1)
  2 kobolds (D:1)
  A frilled lizard (D:1)
7 creatures vanquished.

Notes
Turn   | Place    | Note
-------+----------+-------------------------------------------
     0 | D:1      | kae the Naga Transmuter began the quest for the Orb.
     0 | D:1      | Reached XP level 1. HP: 18/18 MP: 3/3
   199 | D:1      | Reached XP level 2. HP: 24/25 MP: 3/5
   315 | D:1      | Slain by a rat

Illustrated notes

Levels and vault maps discovered:
D:1:      lightli_arrival_statue_moat, layout_basic, serial_co_window_serial,
          co_window_of_opportunity_a, co_window_corner_a, co_window_paths_a,
          co_window_corner_a, co_window_paths_b, co_window_of_opportunity_b,
          co_window_unsneaky_path_d, co_window_paths_c,
          co_window_unsneaky_path_b, co_window_unsneaky_path_d, glass_columns_c,
          glass_columns_a, glass_columns_c, glass_columns_c, glass_columns_b,
          grunt_decor_resistance

Action                   || total
-------------------------++-------
Melee: Unarmed           ||    18
       Headbutt          ||     3
 Cast: Beastly Appendage ||     5
Armor: Robe              ||     2
Dodge: Dodged            ||     8

Table legend: (Time is in decaauts)
 A = Elapsed time spent in this place.
 B = Non-inter-level travel time spent in this place.
 C = Inter-level travel time spent in this place.
 D = Time resting spent in this place.
 E = Time spent auto-exploring this place.
 F = Levels seen in this place.
 G = Mean time per level.
                   A        B        C        D        E       F      G
               +--------+--------+--------+--------+--------+-----+--------+
         Total |    357 |    357 |      0 |      0 |    295 |   1 |  357.0 |
       Dungeon |    357 |    357 |      0 |      0 |    295 |   1 |  357.0 |
               +--------+--------+--------+--------+--------+-----+--------+

Top non-repeatable levels by time:
     D:1: 357 daAuts
